 Dungeon Crawl Stone Soup version 0.29-a0-419-g77450f2105 (webtiles) character file.

Game seed: 637283361166808216

84 Bruhh the Changer (level 4, 0/28 HPs)
             Began as an Octopode Transmuter on May 18, 2022.
             Slain by an orc wizard
             ... wielding a +0 dagger of venom
              (1 damage)
             ... on level 2 of the Dungeon.
             The game lasted 00:03:09 (2016 turns).

Bruhh the Changer (Octopode Transmuter)             Turns: 2016, Time: 00:03:10

Health: 0/28       AC:  1    Str: 11    XL:     4   Next: 45%
Magic:  7/7        EV: 12    Int: 15    God:
Gold:   142        SH:  5    Dex: 12    Spells: 6/7 levels left

rFire   . . .      SeeInvis .   d - +2 short sword (venom)
rCold   . . .      Faith    .   e - +2 buckler
rNeg    . . .      Spirit   .   (helmet restricted)
rPois   .          Reflect  .   (no amulet)
rElec   .          Harm     .   (no ring)
rCorr   .          Rampage  .   (no ring)
Will    .....                   (no ring)
Stlth   ++........              (no ring)
HPRegen 0.09/turn               (no ring)
MPRegen 0.10/turn               (no ring)
                                (no ring)
                                (no ring)

@: lethally poisoned (0 -> -9)
A: almost no armour, amphibious, 8 rings, camouflage 1, gelatinous body 1,
(nimble swimmer 1), tentacles
a: no special abilities


You were on level 2 of the Dungeon.
You visited 1 branch of the dungeon, and saw 3 of its levels.

You collected 142 gold pieces.

Inventory:

Hand Weapons
 d - a +2 short sword of venom (weapon)
Armour
 e - a +2 buckler (worn)
Wands
 l - a wand of charming (6)
Scrolls
 b - a scroll of magic mapping {unknown}
 f - a scroll of teleportation {unknown}
 g - a scroll of enchant weapon {unknown}
 i - a scroll of poison {unknown}
 j - 3 scrolls of blinking {unknown}
 k - a scroll of acquirement {unknown}
 m - a scroll of vulnerability {unknown}
 n - a scroll of identify {unknown}
Potions
 a - a potion of lignification


   Skills:
 - Level 1.0 Fighting
 - Level 2.0 Dodging
 - Level 3.4 Unarmed Combat
 - Level 2.0 Spellcasting
 + Level 4.2 Transmutations


You had 6 spell levels left.
You knew the following spells:

 Your Spells              Type           Power      Damage    Failure   Level
a - Beastly Appendage     Tmut           28%        N/A       5%          1

Your spell library contained the following spells:

 Spells                   Type           Power      Damage    Failure   Level
 Wereblood                Tmut           14%        N/A       9%          2
 Spider Form              Tmut/Pois      7%         N/A       36%         3
 Ice Form                 Ice/Tmut       7%         N/A       77%         4


Dungeon Overview and Level Annotations

Branches:
Dungeon (3/15)

Altars:


Innate Abilities, Weirdness & Mutations

You cannot wear most types of armour.
You are amphibious.
You can wear up to eight rings at the same time.
Your skin changes colour to match your surroundings (Stealth+).
Your rubbery body absorbs attacks. (AC +1, EV +1)
((You are camouflaged when in or above water. (Stealth+)))
You have tentacles for arms and can constrict up to eight enemies at once.


Message History

a +0 club; a goblin corpse
There is an escape hatch in the ceiling here.
You hear some strange, mumbled words.
Something tries to affect you, but you resist.
The orc hits you with a +0 mace.
Things that are here:
a +0 club; a goblin corpse The orc attacks as you move away!
The orc hits you with a +0 mace.
There is an escape hatch in the ceiling here.
The orc hits you with a +0 mace. Something hits you.
A mysterious force pulls you upwards. The hatch slams shut behind you.
Reactivating autopickup.
You hit the orc.
The orc is poisoned.
You grab the orc.
The orc is moderately wounded.
You constrict the orc.
You kill the orc!
Something hits you.
You are poisoned.
Deactivating autopickup; reactivate with Ctrl-A.
You hit something.
You feel sick. Something completely misses you.
Unknown command.
You miss something.
You feel sick. Something hits you.
* * * LOW HITPOINT WARNING * * *
Something hits you.
* * * LOW HITPOINT WARNING * * *
Unknown command.
It was a potion of brilliance.
You feel clever all of a sudden.
* * * LOW HITPOINT WARNING * * *
You feel sick. Something hits you.
* * * LOW HITPOINT WARNING * * *
You are more poisoned.
It was a potion of cancellation.
Your magical effects are unravelling.
You feel magically purged.
You feel a little less clever now.
* * * LOW HITPOINT WARNING * * *
You feel very sick. Something hits you.
You die...

#......# ######.###<#........##
####.### #........[)#..##.##...
##(## #.####.##.....##.##.##
#...# #.# #.##..#.....##.## #...#
#.# #.##..#..##.##.## #...####.#
#..............## #####...##.#.##
####..##.....#.##
#.........#...######...#.....#...
.........###..##@)...........####
#..(......#...##{###...#.....#
#####...##.#####.# #####...>.#
#...#### #.# ####### #...# #.####
## #...# #...†# .#####.####
####.# ######## ..#.......# #.#
#....... ....##.##.## #.#
#.#####.


There were no monsters in sight!

Vanquished Creatures
  Terence (D:2)
  An adder (D:2)
  2 worms (D:2)
  An orc (D:2)
  6 ball pythons
  4 bats
  An endoplasm (D:2)
  2 giant cockroaches
  4 goblins
  5 hobgoblins
  5 kobolds
  3 quokkas
  3 frilled lizards
  5 rats
  A spectral goblin (D:1)
44 creatures vanquished.

Notes
Turn   | Place    | Note
-------+----------+-------------------------------------------
     0 | D:1      | Bruhh the Octopode Transmuter began the quest for the Orb.
     0 | D:1      | Reached XP level 1. HP: 13/13 MP: 3/3
    29 | D:1      | You fall into a shaft and drop 1 floor!
   114 | D:2      | Noticed Terence
   191 | D:1      | Reached XP level 2. HP: 18/18 MP: 5/5
   316 | D:1      | Found a faded altar of an unknown god.
   767 | D:1      | Reached XP level 3. HP: 23/23 MP: 4/6
   810 | D:2      | Killed Terence
   811 | D:2      | Reached skill level 3 in Transmutations
   816 | D:2      | Reached XP level 4. HP: 7/28 MP: 7/7
  1552 | D:2      | Reached skill level 4 in Transmutations
  2016 | D:2      | HP: 1/28 [poisoned by an orc wizard]
  2016 | D:2      | Slain by an orc wizard

Illustrated notes

Levels and vault maps discovered:
D:1:      dpeg_arrival_windows_large_door, layout_rooms, serial_glass,
          glass_columns_a, glass_columns_c, glass_columns_a, glass_columns_a,
          glass_columns_c, glass_columns_a, glass_columns_a, glass_columns_a,
          dreamdust_ecumenical_altar_drowned_temple, kennysheep_crisscross,
          minmay_indecisive_spiral
D:2:      layout_loops_cross, uniq_terence
D:3:      layout_basic, serial_aquarium, aquarium_bridge_straight
          [aquarium_subvault_bridge, aquarium_subvault_wall,
          aquarium_subvault_bridge, aquarium_subvault_wall], aquarium_window_2,
          aquarium_window_2, aquarium_view_2c, aquarium_view_2f

Skill      XL: |  1  2  3  4 |
---------------+-------------+-----
Transmutations | 3 4 |  4.2
Fighting       | |  1.0
Dodging        | |  2.0
Unarmed Combat | |  3.4
Spellcasting   | |  2.0

Action                   |  1- 3 |  4- 6 || total
-------------------------+-------+-------++-------
Melee: Unarmed           |     6 |       ||     6
       Constrict         |    13 |    10 ||    23
       Kick              |     5 |     8 ||    13
       Short sword       |    36 |    34 ||    70
       Tentacles         |    10 |     5 ||    15
       Punch             |     1 |     1 ||     2
 Cast: Beastly Appendage |    11 |     7 ||    18
  Use: Potion            |       |     2 ||     2
 Stab: Sleeping          |     5 |     2 ||     7
Armor: Skin              |     7 |     2 ||     9
Dodge: Dodged            |    29 |    17 ||    46
Block: Buckler           |     9 |    14 ||    23

Table legend: (Time is in decaauts)
 A = Elapsed time spent in this place.
 B = Non-inter-level travel time spent in this place.
 C = Inter-level travel time spent in this place.
 D = Time resting spent in this place.
 E = Time spent auto-exploring this place.
 F = Levels seen in this place.
 G = Mean time per level.
                   A        B        C        D        E       F      G
               +--------+--------+--------+--------+--------+-----+--------+
         Total |   2027 |   2020 |      7 |    402 |   1284 |   3 |  675.7 |
       Dungeon |   2027 |   2020 |      7 |    402 |   1284 |   3 |  675.7 |
               +--------+--------+--------+--------+--------+-----+--------+

Top non-repeatable levels by time:
     D:1: 1123 daAuts
     D:2: 803 daAuts
     D:3: 100 daAuts
